 Dungeon Crawl Stone Soup version 0.29-a0-369-gd956c00756 (webtiles) character file.

Game seed: 2603704746835069452

304 jlumianski the Chopper (level 6, -3/47 HPs)
             Began as a Demonspawn Fighter on May 1, 2022.
             Was a Believer of Qazlal.
             Slain by a vampire (9 damage)
             ... on level 1 of the Abyss.
             The game lasted 00:10:45 (3163 turns).

jlumianski the Chopper (Demonspawn Fighter)         Turns: 3163, Time: 00:10:46

Health: -3/47      AC: 17    Str: 15 (18) XL:     6   Next: 15%
Magic:  6/6        EV: 10    Int:  8 (10) God:    Qazlal [**....]
Gold:   167        SH: 11    Dex: 10 (12) Spells: 5/5 levels left

rFire   . . .      SeeInvis .   a - +0 war axe
rCold   . . .      Faith    .   c - +0 buckler
rNeg    . . .      Spirit   .   d - +0 chain mail
rPois   .          Reflect  .   o - +0 helmet
rElec   .          Harm     .   t - +0 cloak
rCorr   .          Rampage  .   (no gloves)
Will    .....                   (no boots)
Stlth   ..........              (no amulet)
HPRegen 0.15/turn               n - +4 ring of evasion
MPRegen 0.10/turn               (no ring)

@: sanguine armoured, on berserk cooldown, slowed, very slow
A: claws 1, sanguine armour 1, condensation shield
a: Renounce Religion, Upheaval


You were on level 1 of the Abyss.
You worshipped Qazlal.
Qazlal was pleased with you.
You visited 1 branch of the dungeon, and saw 4 of its levels.
You visited the Abyss 1 time.

You collected 167 gold pieces.

Inventory:

Hand Weapons
 a - a +0 war axe (weapon)
Missiles
 f - 6 boomerangs (quivered)
 j - 53 stones
 s - 6 poisoned darts
 u - 3 javelins
Armour
 b - a +0 scale mail
 c - a +0 buckler (worn)
 d - a +0 chain mail (worn)
 o - a +0 helmet (worn)
 t - a +0 cloak (worn)
Jewellery
 n - a +4 ring of evasion (left claw)
Potions
 g - 3 potions of lignification
 h - a potion of resistance {unknown}
 i - 2 potions of degeneration
 k - a potion of flight {unknown}
 l - a potion of brilliance {unknown}
 m - 2 potions of curing
 p - a potion of invisibility {unknown}
 q - a potion of ambrosia {unknown}


   Skills:
 + Level 3.6 Fighting
 + Level 4.0 Axes
 + Level 0.3 Throwing
 + Level 3.7 Armour
 + Level 1.0 Dodging
 + Level 0.1 Stealth
 + Level 3.5 Shields


You had 5 spell levels left.
You didn't know any spells.
Your spell library was empty.

Dungeon Overview and Level Annotations

Branches:
Dungeon (4/15)
 Temple: D:4-7

Altars:
Qazlal

Annotations:
D:4 2 transporters, Antichthon's ghost, amateur GnWn


Innate Abilities, Weirdness & Mutations

You have sharp fingernails.
When seriously injured, your blood forms armour. (AC +6)
A meltable shield of frost defends you. (SH +4)


Message History

e - a potion of berserk rage The red devil hits you from afar with a +0 trident.
Barbed spikes become lodged in your body.
A red film seems to cover your vision as you go berserk!
You feel yourself moving faster!
You feel mighty! The red devil barely misses you.
You hit the kobold demonologist.
The kobold demonologist is lightly wounded.
You hit the lurking horror.
Your body is wracked with pain!
Your blood congeals into armour.
The kobold demonologist convulses!
The kobold demonologist is engulfed in freezing vapours.
The kobold demonologist mumbles some strange words.
You slash the kobold demonologist!
You kill the kobold demonologist!
That felt strangely unrewarding.
The sun demon disappears in a puff of smoke!
The red devil disappears in a puff of smoke!
You are confused.
The barbs in your skin will harm you if you move.
Continue?
Okay, then.
You feel a strong urge to attack something.
You feel your anger nearly subside.
You are no longer berserk.
You are exhausted.
You feel yourself slow down. Something hits you.
Something bites you but does no damage. Something hits you but does no damage.
Something bites you.
Something draws strength from your injuries!
You feel less confused. Something hits you but does no damage.
Something bites you.
* * * LOW HITPOINT WARNING * * *
Something draws strength from your injuries!
The barbs in your skin will harm you if you move.
Continue?
Okay, then.
The barbs in your skin will harm you if you move.
Continue?
Okay, then.
You carefully extract the barbed spikes from your body.
Something hits you.
* * * LOW HITPOINT WARNING * * *
Something bites you!
You die...

.. ................## .
# ...... ...........
...## ....##......## .
# . #
.....##......##...##. #
# ................... .
#..
.....................
..#.
....................#..
..
......○°.........#.#.
#..#...@....##...
#####.#.###..#.# #.##.#
## . #.. ... . ... .#.
# .### #. .. #. ## ..


There were no monsters in sight!

Vanquished Creatures
  A kobold demonologist (Abyss:1)
  Pargi (D:3)
  A scorpion (D:3)
  Robin (D:3)
  4 adders
  2 ufetubi
  3 worms
  5 dart slugs
  5 bats
  6 endoplasms
  4 giant cockroaches
  8 hobgoblins
  10 kobolds
  3 quokkas (D:3)
  8 ball pythons
  2 frilled lizards (D:1)
  14 goblins
  3 rats
  A lurking horror (Abyss:1)
82 creatures vanquished.

Vanquished Creatures (others)
  A goblin (D:3)
1 creature vanquished.

Grand Total: 83 creatures vanquished

Notes
Turn   | Place    | Note
-------+----------+-------------------------------------------
     0 | D:1      | jlumianski the Demonspawn Fighter began the quest for the
                  | Orb.
     0 | D:1      | Reached XP level 1. HP: 18/18 MP: 1/1
   305 | D:1      | Gained mutation: You have sharp fingernails. [demonic
                  | ancestry]
   305 | D:1      | Reached XP level 2. HP: 21/24 MP: 2/2
   615 | D:1      | Reached skill level 2 in Axes
   940 | D:1      | Gained mutation: A meltable shield of frost defends you.
                  | (SH +4) [demonic ancestry]
   940 | D:1      | Reached XP level 3. HP: 29/29 MP: 3/3
  1027 | D:1      | Found a stormy altar of Qazlal.
  1033 | D:1      | Became a worshipper of Qazlal Stormbringer
  1991 | D:3      | Noticed Pargi
  1998 | D:3      | Killed Pargi
  1999 | D:3      | Reached skill level 3 in Axes
  1999 | D:3      | Reached XP level 4. HP: 31/35 MP: 4/4
  1999 | D:3      | Reached XP level 5. HP: 36/41 MP: 5/5
  2186 | D:3      | Reached * piety under Qazlal
  2245 | D:3      | Reached skill level 1 in Dodging
  2303 | D:3      | Noticed Robin
  2318 | D:3      | Killed Robin
  2681 | D:3      | Gained mutation: When seriously injured, your blood forms
                  | armour. (AC +6) [demonic ancestry]
  2681 | D:3      | Reached XP level 6. HP: 45/47 MP: 6/6
  2866 | D:4      | Noticed Antichthon's ghost (amateur GnWn)
  2977 | D:4      | Reached ** piety under Qazlal
  2978 | D:4      | Reached skill level 4 in Axes
  3008 | D:4      | Found a transporter.
  3017 | D:4      | Found a transporter.
  3083 | D:4      | Cast into level 1 of the Abyss (goblin)
  3141 | Abyss:1  | Noticed a kobold demonologist
  3141 | Abyss:1  | Noticed a vampire
  3143 | Abyss:1  | Noticed a red devil
  3156 | Abyss:1  | Noticed a sun demon
  3156 | Abyss:1  | Killed a kobold demonologist
  3163 | Abyss:1  | Slain by a vampire

Illustrated notes

Levels and vault maps discovered:
D:1:      beargit_arrival_diablo_church, layout_basic, kennysheep_flooded_box
D:2:      minmay_spotlight, layout_rooms
D:3:      layout_rooms, kennysheep_generic_room_15, uniq_pargi, uniq_robin
D:4:      layout_loops_ring, gammafunk_ghost_stat_death, minmay_vboxes,
          uniq_blork_the_orc
Abyss:1:  base:
D:4

Skill      XL: |  1  2  3  4  5  6 |
---------------+-------------------+-----
Shields        | 3 |  3.5
Axes           | 2 3 4 |  4.0
Armour         | 3 |  3.7
Dodging        | 1 |  1.0
Fighting       | |  3.6
Throwing       | |  0.3
Stealth        | |  0.1

Action                   |  1- 3 |  4- 6 || total
-------------------------+-------+-------++-------
Melee: War axe           |   130 |   108 ||   238
Throw: Boomerang         |     3 |     3 ||     6
  Use: Potion            |     1 |     4 ||     5
       Scroll            |       |     4 ||     4
Armor: Scale mail        |    70 |     7 ||    77
       Chain mail        |       |    32 ||    32
Dodge: Dodged            |    71 |    57 ||   128
Block: Buckler           |    52 |    71 ||   123

Table legend: (Time is in decaauts)
 A = Elapsed time spent in this place.
 B = Non-inter-level travel time spent in this place.
 C = Inter-level travel time spent in this place.
 D = Time resting spent in this place.
 E = Time spent auto-exploring this place.
 F = Levels seen in this place.
 G = Mean time per level.
                   A        B        C        D        E       F      G
               +--------+--------+--------+--------+--------+-----+--------+
         Total |   3260 |   3186 |     74 |    114 |   1901 |   5 |  652.0 |
       Dungeon |   3179 |   3105 |     74 |    114 |   1901 |   4 |  794.8 |
         Abyss |     80 |     80 |      0 |      0 |      0 |   1 |   80.0 |
               +--------+--------+--------+--------+--------+-----+--------+

Top non-repeatable levels by time:
     D:1: 1496 daAuts
     D:3: 783 daAuts
     D:2: 602 daAuts
     D:4: 297 daAuts
 Abyss:1: 80 daAuts
